2884 views
Uploaded 2020-03-25 00:29:58
Game version 1.32.3
28:32 long 1on1 ladder game on (2)EchoIsles
Saved by BEARAND
2884 views
Uploaded 2020-03-25 00:29:58
Game version 1.32.3
28:32 long 1on1 ladder game on (2)EchoIsles

/ 0.6k
93 buildings @ 5.7k
/ 2.9k
| Peasant | 20 | 1500 | / | 0 |
| Gryphon Rider | 8 | 2240 | / | 560 |
| Priest | 2 | 270 | / | 20 |
| Dragonhawk Rider | 1 | 200 | / | 30 |
| total: | 31 | 4210g | / | 610w |
| Scout Tower | 57 | 1710 | / | 1140 |
| Arcane Tower | 3 | 210 | / | 150 |
| Guard Tower | 39 | 2730 | / | 1950 |
| Farm | 23 | 1840 | / | 460 |
| Lumber Mill | 1 | 120 | / | 0 |
| Blacksmith | 1 | 140 | / | 60 |
| Barracks | 3 | 480 | / | 180 |
| Altar of Kings | 1 | 180 | / | 50 |
| Arcane Vault | 1 | 130 | / | 30 |
| Town Hall | 1 | 385 | / | 205 |
| Gryphon Aviary | 4 | 560 | / | 600 |
| Arcane Sanctum | 1 | 150 | / | 140 |
| Keep | 1 | 320 | / | 210 |
| Castle | 1 | 360 | / | 210 |
| total: | 93 | 5695g | / | 2865w |
| 0:02 | Peasant |
| 0:02 | Peasant |
| 0:30 | Peasant |
| 0:30 | Peasant |
| 0:34 | Farm |
| 0:40 | Peasant |
| 1:06 | Lumber Mill |
| 1:10 | Farm |
| 1:11 | Scout Tower |
| 1:12 | Peasant |
| 1:18 | Peasant |
| 1:20 | Peasant |
| 1:22 | Peasant |
| 1:26 | Scout Tower |
| 1:33 | Peasant |
| 1:37 | Arcane Tower |
| 1:40 | Peasant |
| 1:50 | Farm |
| 1:53 | Peasant |
| 1:57 | Scout Tower |
| 2:00 | Peasant |
| 2:00 | Peasant |
| 2:06 | Guard Tower |
| 2:19 | Peasant |
| 2:33 | Guard Tower |
| 2:49 | Keep |
| 2:53 | Scout Tower |
| 3:21 | Improved Masonry |
| 3:24 | Guard Tower |
| 3:26 | Scout Tower |
| 3:30 | Blacksmith |
| 3:37 | Scout Tower |
| 3:55 | Guard Tower |
| 4:00 | Farm |
| 4:01 | Farm |
| 4:16 | Barracks |
| 4:27 | Guard Tower |
| 4:29 | Scout Tower |
| 4:38 | Altar of Kings |
| 4:48 | Iron Forged Swords |
| 4:56 | Guard Tower |
| 5:12 | Peasant |
| 5:12 | Peasant |
| 5:14 | Improved Lumber Harvesting |
| 5:15 | Advanced Masonry |
| 5:28 | Farm |
| 5:29 | Barracks |
| 5:32 | Barracks |
| 5:33 | Farm |
| 5:40 | Peasant |
| 5:43 | Castle |
| 5:55 | Gryphon Aviary |
| 6:07 | Farm |
| 6:08 | Farm |
| 6:09 | Farm |
| 6:30 | Gryphon Aviary |
| 6:46 | Farm |
| 6:47 | Farm |
| 6:47 | Farm |
| 6:51 | Farm |
| 6:51 | Farm |
| 6:58 | Farm |
| 7:09 | Steel Forged Swords |
| 7:11 | Studded Leather Armor |
| 7:19 | Arcane Vault |
| 7:20 | Scout Tower |
| 7:21 | Scout Tower |
| 7:57 | Arcane Sanctum |
| 8:04 | Gryphon Rider |
| 8:18 | Gryphon Rider |
| 8:47 | Gryphon Rider |
| 9:15 | Gryphon Rider |
| 10:00 | Town Hall |
| 10:04 | Scout Tower |
| 10:04 | Scout Tower |
| 10:05 | Scout Tower |
| 10:06 | Scout Tower |
| 10:07 | Scout Tower |
| 10:07 | Scout Tower |
| 10:26 | Storm Hammers |
| 10:30 | Arcane Tower |
| 10:39 | Guard Tower |
| 10:46 | Guard Tower |
| 11:15 | Guard Tower |
| 11:16 | Guard Tower |
| 11:26 | Magic Sentry |
| 11:33 | Scout Tower |
| 11:34 | Scout Tower |
| 11:34 | Scout Tower |
| 11:35 | Scout Tower |
| 11:40 | Peasant |
| 11:44 | Guard Tower |
| 12:01 | Gryphon Rider |
| 12:13 | Gryphon Rider |
| 12:15 | Guard Tower |
| 12:20 | Scout Tower |
| 12:20 | Scout Tower |
| 12:26 | Priest |
| 12:30 | Priest Adept Training |
| 12:32 | Guard Tower |
| 12:53 | Scout Tower |
| 13:17 | Imbued Masonry |
| 13:18 | Gryphon Rider |
| 13:24 | Scout Tower |
| 13:24 | Scout Tower |
| 13:24 | Scout Tower |
| 13:25 | Scout Tower |
| 13:25 | Guard Tower |
| 13:33 | Guard Tower |
| 13:52 | Peasant |
| 14:16 | Priest Master Training |
| 14:26 | Guard Tower |
| 14:29 | Advanced Lumber Harvesting |
| 14:59 | Guard Tower |
| 15:03 | Guard Tower |
| 15:05 | Mithril Forged Swords |
| 15:26 | Priest |
| 15:32 | Guard Tower |
| 15:33 | Scout Tower |
| 15:34 | Scout Tower |
| 15:34 | Animal War Training |
| 16:04 | Guard Tower |
| 16:24 | Reinforced Leather Armor |
| 17:07 | Guard Tower |
| 17:24 | Farm |
| 17:25 | Farm |
| 17:25 | Farm |
| 17:28 | Gryphon Aviary |
| 17:56 | Gryphon Aviary |
| 19:11 | Dragonhide Armor |
| 19:21 | Farm |
| 19:21 | Farm |
| 19:22 | Farm |
| 21:25 | Farm |
| 21:45 | Dragonhawk Rider |
| 21:46 | Gryphon Rider |
| 22:29 | Scout Tower |
| 22:29 | Scout Tower |
| 22:29 | Scout Tower |
| 22:30 | Scout Tower |
| 22:31 | Scout Tower |
| 23:08 | Scout Tower |
| 23:09 | Scout Tower |
| 23:09 | Scout Tower |
| 23:10 | Scout Tower |
| 23:11 | Scout Tower |
| 23:25 | Guard Tower |
| 24:06 | Scout Tower |
| 24:08 | Scout Tower |
| 24:08 | Scout Tower |
| 24:09 | Scout Tower |
| 24:09 | Scout Tower |
| 24:11 | Scout Tower |
| 24:12 | Scout Tower |
| 24:13 | Scout Tower |
| 24:13 | Scout Tower |
| 24:13 | Guard Tower |
| 24:14 | Guard Tower |
| 24:41 | Guard Tower |
| 24:41 | Guard Tower |
| 24:57 | Guard Tower |
| 25:38 | Guard Tower |
| 25:38 | Guard Tower |
| 25:39 | Guard Tower |
| 25:41 | Arcane Tower |
| 25:48 | Guard Tower |
| 26:28 | Guard Tower |
| 26:28 | Guard Tower |
| 26:30 | Scout Tower |
| 26:31 | Scout Tower |
| 26:31 | Scout Tower |
| 26:32 | Scout Tower |
| 26:33 | Scout Tower |
| 26:34 | Scout Tower |
| 26:34 | Scout Tower |
| 26:35 | Scout Tower |
| 26:36 | Scout Tower |
| 26:36 | Scout Tower |
| 26:50 | Cloud |
| 27:02 | Guard Tower |
| Right click | 1561 |
| Select | 520 |
| Select group | 479 |
| Chat | 241 |
| Build/train/purchase | 113 |
| Misc. action | 46 |
| Assign group | 29 |
| Use ability | 17 |
| Remove unit | 9 |
/ 0.5k
15 buildings @ 2.7k
/ 1k


| Peon | 6 | 450 | / | 0 |
| Grunt | 3 | 600 | / | 0 |
| Troll Headhunter | 9 | 1260 | / | 180 |
| Tauren | 3 | 840 | / | 240 |
| Demolisher | 1 | 220 | / | 50 |
| total: | 22 | 3370g | / | 470w |
| Altar of Storms | 1 | 180 | / | 50 |
| Orc Burrow | 8 | 1280 | / | 320 |
| Barracks | 2 | 360 | / | 100 |
| War Mill | 1 | 205 | / | 0 |
| Great Hall | 1 | 385 | / | 185 |
| Tauren Totem | 2 | 270 | / | 310 |
| Stronghold | 1 | 315 | / | 190 |
| Fortress | 1 | 325 | / | 190 |
| total: | 15 | 2680g | / | 965w |
| 0:08 | Peon |
| 0:09 | Peon |
| 0:14 | Altar of Storms |
| 0:21 | Orc Burrow |
| 0:45 | Peon |
| 1:12 | Barracks |
| 1:30 | Peon |
| 2:10 | Barracks |
| 2:18 | Orc Burrow |
| 2:27 | Wind Walk |
| 2:33 | Grunt |
| 2:44 | War Mill |
| 3:26 | Grunt |
| 4:08 | Stronghold |
| 4:33 | Steel Ranged Weapons |
| 4:48 | Troll Headhunter |
| 5:33 | Grunt |
| 6:33 | Thorium Ranged Weapons |
| 6:39 | Fortress |
| 6:47 | Orc Burrow |
| 7:04 | Orc Burrow |
| 8:04 | Troll Headhunter |
| 9:15 | Mirror Image |
| 9:17 | Wind Walk |
| 9:40 | Tauren Totem |
| 9:49 | Tauren Totem |
| 11:13 | Tauren |
| 11:29 | Orc Burrow |
| 11:34 | Troll Headhunter |
| 11:37 | Troll Headhunter |
| 11:47 | Troll Headhunter |
| 11:57 | Peon |
| 12:10 | Steel Armor |
| 12:14 | Peon |
| 13:12 | Orc Burrow |
| 13:21 | Tauren |
| 13:54 | Endurance Aura |
| 14:37 | Mirror Image |
| 15:05 | Troll Headhunter |
| 15:06 | Troll Headhunter |
| 15:18 | Arcanite Ranged Weapons |
| 15:51 | Troll Headhunter |
| 17:28 | Troll Headhunter |
| 17:36 | Tauren |
| 17:46 | Orc Burrow |
| 18:14 | War Stomp |
| 18:44 | Demolisher |
| 22:24 | Great Hall |
| 22:35 | Orc Burrow |
| Right click | 686 |
| Select group | 520 |
| Select | 313 |
| Build/train/purchase | 38 |
| Assign group | 30 |
| Chat | 15 |
| Use ability | 2 |